 Dungeon Crawl Stone Soup version 0.31.0 (webtiles) character file.

Game seed: 1509517682667497808

41126 Skeral the Warrior (level 14, -1/126 HPs)
             Began as a Formicid Cinder Acolyte on Jan 19, 2024.
             Was a Priest of Ignis.
             Slain by a skyshark (10 damage)
             ... on level 4 of the Lair of Beasts on Jan 20, 2024.
             The game lasted 00:49:14 (15349 turns).

Skeral the Warrior (Formicid Cinder Acolyte)       Turns: 15349, Time: 00:49:14

Health: -1/126     AC: 18    Str: 22    XL:     14   Next: 48%
Magic:  15/15      EV: 12    Int: 14    God:    Ignis [***...]
Gold:   1454       SH: 10    Dex:  7    Spells: 13/15 levels left

rFire   + . .        y - +0 battleaxe (flame)
rCold   . . .        e - +0 kite shield
rNeg    . . .        n - +6 chain mail of Inquiry {Regen+ Dex-4 SInv}
rPois   +            (helmet unavailable)
rElec   .            (no cloak)
rCorr   .            s - +0 pair of gloves
SInv    +            c - +0 pair of boots
Will    +....        A - amulet of the acrobat Stlth
                     P - ring of poison resistance
HPRegen 1.21/turn    E - +5 ring of evasion
MPRegen 0.14/turn

%: acrobat
@: mighty
A: permanent stasis, dig shafts and tunnels, antennae 3, four strong arms
a: Dig, Shaft Self, Renounce Religion, Fiery Armour, Foxfire Swarm


You were on level 4 of the Lair of Beasts.
You worshipped Ignis.
Ignis was most pleased with you.
You visited 2 branches of the dungeon, and saw 17 of its levels.

You collected 1454 gold pieces.


Innate Abilities, Weirdness & Mutations

You cannot be hasted, slowed, berserked, paralysed or teleported.
You can dig through walls and to a lower floor.
You have a pair of large antennae on your head. (SInv)
Your four strong arms can wield two-handed weapons with a shield.


   Skills:
 + Level 16.7 Fighting
 + Level 15.4 Axes
 - Level 6.0 Throwing
 - Level 6.0 Armour
 - Level 10.0 Shields
 - Level 1.1 Spellcasting
 - Level 3.0 Fire Magic


You had 13 spell levels left.
You knew the following spells:

 Your Spells              Type           Power      Damage    Failure   Level
X - Scorch                Fire           18%        2d5       77%         2

Your spell library contained the following spells:

 Spells                   Type           Power      Damage    Failure   Level
 Ensorcelled Hibernation  Hex/Ice        0%         N/A       99%         2
 Lesser Beckoning         Tloc           0%         N/A       99%         2
 Mercury Vapours          Alch/Air       0%         N/A       99%         2
 Momentum Strike          Conj/Tloc      0%         3d8       99%         2
 Inner Flame              Hex/Fire       4%         N/A       99%         3
 Call Canine Familiar     Summ           0%         N/A       100%        3
 Mephitic Cloud           Conj/Alch/Air  0%         N/A       100%        3
 Passwall                 Erth           0%         N/A       100%        3
 Sigil of Binding         Hex            0%         N/A       100%        3
 Tukima's Dance           Hex            0%         N/A       100%        3
 Animate Armour           Summ/Erth      0%         N/A       100%        4
 Dimensional Bullseye     Hex/Tloc       0%         N/A       100%        4
 Iskenderun's Mystic Bla  Conj/Tloc      0%         2d3       100%        4
 Summon Lightning Spire   Summ/Air       0%         N/A       100%        4
 Freezing Cloud           Conj/Ice/Air   0%         6-21      100%        5
 Lee's Rapid Deconstruct  Erth           0%         3d4*      100%        5
 Summon Horrible Things   Summ           0%         N/A       100%        8
 Dragon's Call            Summ           0%         N/A       100%        9
 Blink                    Tloc           Unusable   N/A       N/A         2
 Swiftness                Air            Unusable   N/A       N/A         3

Inventory:

Hand Weapons
 r - a +0 war axe
   (You took it off an orc on level 4 of the Dungeon)
 y - a +0 battleaxe of flaming (weapon)
   (You took it off an orc warrior on level 10 of the Dungeon)
Missiles
 d - 21 boomerangs
 h - 41 poisoned darts (quivered)
 t - 4 throwing nets {=f!f}
Armour
 c - a +0 pair of boots (worn)
   (You found it on level 1 of the Dungeon)
 e - a +0 kite shield (worn)
   (You found it on level 1 of the Dungeon)
 i - a scarf of harm
   (You found it on level 1 of the Lair of Beasts)
 n - the +6 chain mail of Inquiry (worn) {Regen+ Dex-4 SInv}
   (You found it on level 2 of the Dungeon)

   Dex-4:     It affects your dexterity (-4).
   SInv:      It lets you see invisible.
   Regen+:    It increases your rate of health regeneration.
 s - a +0 pair of gloves (worn)
   (You found it on level 9 of the Dungeon)
Jewellery
 A - an amulet of the acrobat (around neck)
   (You found it on level 6 of the Dungeon)
 D - a +6 ring of dexterity
   (You found it on level 2 of the Dungeon)
 E - a +5 ring of evasion (right hand)
   (You found it on level 4 of the Lair of Beasts)
 F - a ring of fire
   (You took it off a kobold brigand on level 9 of the Dungeon)
 L - a ring of flight
   (You found it on level 1 of the Dungeon)
 P - a ring of poison resistance (left hand)
   (You took it off a wight on level 8 of the Dungeon)
 R - a ring of resist corrosion
   (You found it on level 3 of the Lair of Beasts)
Wands
 o - a wand of acid (3)
   (You took it off Ijyb on level 3 of the Dungeon)
 H - a wand of flame (9)
   (You found it on level 7 of the Dungeon)
 Q - a wand of iceblast (3)
   (You found it on level 11 of the Dungeon)
Scrolls
 a - 2 scrolls of torment {!r}
 f - a scroll of poison {unknown}
 g - 3 scrolls of silence {!r}
 k - 5 scrolls of enchant weapon
 l - 2 scrolls of revelation
 u - 2 scrolls of amnesia
 w - a scroll of brand weapon
 C - 3 scrolls of enchant armour
 G - a scroll of immolation {!r!r}
 J - a scroll of fog
 K - a scroll of fear
 M - a scroll of butterflies {unknown}
 N - 3 scrolls of vulnerability {!r!r}
Potions
 b - a potion of lignification {!q}
 j - a potion of enlightenment
 m - 2 potions of invisibility
 p - a potion of magic
 q - a potion of might
 v - 2 potions of curing {@q1}
 x - 2 potions of brilliance {unknown}
 z - 2 potions of resistance {unknown}
 B - a potion of cancellation {unknown}
 O - 2 potions of mutation {unknown}

Dungeon Overview and Level Annotations

Branches:
Dungeon (12/15) Zot: 26455  Temple (0/1) D:5            Lair (5/5) D:9 Zot: 25438
  Swamp (0/4) Lair:3       Spider (0/4) Lair:2        Slime (0/5) Lair:4
    Orc: D:9-12

Altars:
Dithmenos
Elyvilon
Hepliaklqana
Okawaru
Qazlal
Sif Muna
Trog
Vehumet
The Shining One

Shops:
D:1 (([[:

Annotations:
D:10 exclusion: ice statue
D:12 Rupert
Lair:2 exclusion: oklob plant
Lair:5 Urug

### ##### ########.##### ###.#.##
####.##.......#P##
####......######.................
#..♣........#..#@.......###......
#...............F.....####.......
...P...P..P#...........#P#.......
....♣♣8..........................
....♣?♣.................!........
....♣♣♣....................#P....
#♣.P...P.♣.................##....
.................................
#.......♣........................


You could see a skyshark (berserk).


Message History

Urug throws a javelin.
The javelin pierces through you! 😕 HP[-9]
You take 9 damage, and now have 117/126 hp.
Urug hits you from afar with a +5 demon trident of freezing!!
Urug freezes you!
An elephant comes into view. 😮 HP[-28]
You take 28 damage, and now have 89/126 hp.
MASSIVE DAMAGE!! (PAUSE)
Okay, then.
Urug throws a javelin.
The javelin completely misses you.
The wind drake attacks as it pursues you!
The wind drake completely misses you. 😮 HP[+1]
The wind drake exhales a fierce blast of wind!
You are knocked back by the gust of wind. 😮 HP[+1]
The elephant trumpets!
Urug throws a javelin.
The javelin pierces through you but does no damage. 😮 HP[+2]
You regained 2 hp, and now have 93/126 hp. 😮 HP[+1] 😕 HP[+1] 😕 HP[+1] 😕 HP[+1]
The skyshark attacks as it pursues you! The skyshark closely misses you.
You block the skyshark's attack. x2 😕 HP[+2]
You regained 2 hp, and now have 99/126 hp.
There is a stone staircase leading up here. 😕 HP[+1]
The skyshark bites you.
The skyshark tastes blood and grows stronger!
The skyshark tail-slaps you! The skyshark tail-slaps you.
The wind drake flaps its wings at you. The air twists around and strikes you.
You climb upwards.
There is a stone staircase leading down here. 😮 HP[-17]
You take 17 damage, and now have 83/126 hp.
You hit the skyshark. You burn the skyshark. The skyshark bites you!
The skyshark enters a blood-rage!
The skyshark tail-slaps you.
You block the skyshark's attack. 😮 HP[-14]
You take 14 damage, and now have 69/126 hp.
You slash the skyshark! You burn the skyshark. You block the skyshark's attack.
The skyshark tail-slaps you but does no damage.
You block the skyshark's attack. x2; The skyshark completely misses you.
The skyshark closely misses you. 😮 HP[+1]
You hit the skyshark but do no damage. The skyshark bites you!
* * * LOW HITPOINT WARNING * * *
The skyshark closely misses you. You block the skyshark's attack.
The skyshark misses you.
The skyshark tail-slaps you but does no damage.
The skyshark tail-slaps you!
* * * LOW HITPOINT WARNING * * *
😨 HP[-22]
You take 22 damage, and now have 48/126 hp.
Okay, then.
Okay, then.
Okay, then.
You feel very mighty all of a sudden. You block the skyshark's attack.
The skyshark tail-slaps you.
* * * LOW HITPOINT WARNING * * *
The skyshark misses you.
You slash the skyshark! You burn the skyshark. The skyshark closely misses you.
The skyshark tail-slaps you but does no damage.
The skyshark barely misses you. The skyshark closely misses you.
You block the skyshark's attack. The skyshark tail-slaps you.
* * * LOW HITPOINT WARNING * * *
😨 HP[-5]
You take 5 damage, and now have 43/126 hp.
You hit the skyshark. You burn the skyshark. The skyshark bites you!
* * * LOW HITPOINT WARNING * * *
The skyshark closely misses you.
The skyshark tail-slaps you but does no damage. 😨 HP[-8]
You take 8 damage, and now have 35/126 hp.
You slash the skyshark! You burn the skyshark. The skyshark barely misses you.
The skyshark tail-slaps you!
* * * LOW HITPOINT WARNING * * *
You block the skyshark's attack. The skyshark closely misses you.
You block the skyshark's attack. x2 😱 HP[-5]
You take 5 damage, and now have 30/126 hp.
You slash the skyshark! You burn the skyshark. The skyshark closely misses you.
The skyshark tail-slaps you!
* * * LOW HITPOINT WARNING * * *
The skyshark tail-slaps you.
* * * LOW HITPOINT WARNING * * *
😱 HP[-13]
You take 13 damage, and now have 17/126 hp.
You slash the skyshark! You burn the skyshark. The skyshark barely misses you.
The skyshark tail-slaps you!
* * * LOW HITPOINT WARNING * * *
The skyshark tail-slaps you but does no damage.
The skyshark bites you!
You die...

Skill      XL: |  1  2  3  4  5  6  7  8  9 10 11 12 13 14 |
---------------+-------------------------------------------+-----
Shields        | 1 2 3 4 5 6 9 10 | 10.0
Fighting       | 4 5 6 8 9 11 13 15 16 | 16.7
Axes           | 4 5 7 9 10 11 12 14 15 | 15.4
Throwing       | 3 5 6 |  6.0
Armour         | 2 6 |  6.0
Spellcasting   | |  1.1
Fire Magic     | |  3.0

Action                     |  1- 3 |  4- 6 |  7- 9 | 10-12 | 13-15 || total
---------------------------+-------+-------+-------+-------+-------++-------
  Melee: Hand axe          |    70 |   120 |    24 |       |       ||   214
         War axe           |       |       |   284 |   989 |   375 ||  1648
         Battleaxe         |       |       |       |       |   200 ||   200
  Throw: Dart              |       |       |       |    19 |    27 ||    46
 Invoke: Fiery Armour      |     1 |       |       |     2 |     1 ||     4
         Foxfire Swarm     |       |     2 |       |       |       ||     2
         Rising Flame      |       |       |       |     1 |       ||     1
Ability: Dig               |       |       |       |     1 |       ||     1
  Evoke: Wand              |       |     1 |     6 |     3 |     6 ||    16
    Use: Scroll            |       |     7 |     6 |     5 |     5 ||    23
         Potion            |       |       |       |     6 |     3 ||     9
 Armour: Robe              |    40 |    10 |       |       |       ||    50
         Chain mail        |       |    86 |   286 |   679 |   480 ||  1531
  Dodge: Dodged            |    38 |    26 |    96 |   303 |   207 ||   670
  Block: Kite shield       |    13 |    45 |   181 |   608 |   355 ||  1202

Levels and vault maps discovered:
D:1:      saegor_arrival_simple_e, layout_basic, serial_shops, shop,
          nicolae_lakefront_shop, shop, shop, shop,
          hellmonk_ecumenical_altar_arch_garden
D:2:      layout_loops_ring, basic_altar, st_stairs_12, glass_columns_a,
          minmay_cupped, uniq_jessica
D:3:      layout_basic, minivault_4, uniq_ijyb
D:4:      layout_cave_pools, worldfamousw_hep_ancestral_shrine
D:5:      minmay_bubble_buster, layout_basic,
          minmay_temple_entry_statues_fountains, serial_library,
          serial_library_regret_index_small_wings,
          serial_library_hellmonk_room_c, serial_library_hellmonk_semicircle,
          serial_library_hellmonk_h_bend,
          serial_library_regret_index_double_sided
D:6:      nicolae_cairo_tiling_large, layout_basic, minmay_ogre_servants,
          uniq_jeremiah
D:7:      lemuel_castle_with_subvaults [lemuel_castle_interior_carwin_2],
          layout_basic, lemuel_blue_sif_altar, nicolae_tso_swordbearing_angel
D:8:      minmay_angry_zag, layout_basic, grunt_dithmenos_smoke_and_mirrors,
          amcnicky_altar_gilded, gammafunk_temple_overflow_elements,
          serial_glass, glass_columns_b, glass_columns_a, glass_columns_c,
          glass_columns_b, glass_columns_b, glass_columns_a, glass_columns_b,
          glass_columns_b, glass_columns_b, glass_columns_a, glass_columns_c,
          glass_columns_b, glass_columns_a, glass_columns_a
D:9:      layout_basic, dpeg_oklobed_lair, uniq_joseph
D:10:     lemuel_ice_statue, layout_rooms, uniq_harold, uniq_lodul
D:11:     cheibrodos_iron_armory, layout_basic, minmay_misc_feat_alley
D:12:     layout_rooms, david_orc_2, ebering_ghost_gozag, nicolae_water_bricks,
          serial_park_tiny_pond, slow_altar_1, uniq_rupert
Lair:1:   layout_cave_pods
Lair:2:   lemuel_slime, layout_regular_city, nicolae_spider_entry_tight_spaces,
          lemuel_oklob_altar, grunt_megastairs_4
Lair:3:   layout_loops_ring, palyth_hydra_swamp_entry, basic_altar
Lair:4:   layout_hall_layers, minmay_slime_entry_pillars, serial_bayou_pond_a,
          grunt_forest_small_clearing_treed
Lair:5:   gammafunk_lair_ancient_temple, layout_layer_cave,
          portal_ice_cave_rime, serial_bayou_shore_a,
          infiniplex_staircase_pool_2, uniq_urug

Notes
Turn   | Place    | Note
-------+----------+-------------------------------------------
     0 | D:1      | Skeral the Formicid Cinder Acolyte began the quest for the
                  | Orb.
     0 | D:1      | Reached XP level 1. HP: 18/18 MP: 2/2
     0 | D:1      | magus.rc [v1.10.3]
    70 | D:1      | Found Zoekhut's Antique Weapon Shoppe.
   169 | D:1      | Found Isuafay's Book Emporium.
   234 | D:1      | Found Xoef's Armour Shop.
   268 | D:1      | Found a faded altar of an unknown god.
   463 | D:1      | Found Acewony's Antique Armour Boutique.
   468 | D:1      | Reached XP level 2. HP: 18/24 MP: 3/3
   535 | D:1      | Found Feynusupp's Weapon Shop.
   584 | D:1      | Reached skill level 1 in Shields
   623 | D:1      | Reached XP level 3. HP: 21/30 MP: 4/4
   979 | D:2      | Reached skill level 4 in Fighting
  1066 | D:2      | Found a hazy altar of Hepliaklqana.
  1134 | D:2      | Reached XP level 4. HP: 37/37 MP: 5/5
  1286 | D:2      | Reached skill level 2 in Shields
  1315 | D:2      | Identified the +6 chain mail of Inquiry {Regen+ Dex-4 SInv}
  1362 | D:2      | Noticed Jessica
  1379 | D:2      | Killed Jessica
  1384 | D:2      | Learned a level 2 spell: Scorch
  1421 | D:2      | You pick up a book of Burglary and begin reading...
  1421 | D:2      | You add the spells Ensorcelled Hibernation and Passwall to
                  | your library.
  1681 | D:3      | Reached skill level 4 in Axes
  1681 | D:3      | Reached XP level 5. HP: 42/43 MP: 6/6
  1759 | D:3      | Reached skill level 3 in Shields
  2150 | D:3      | Noticed Ijyb
  2154 | D:3      | HP: 9/43 [Ijyb/+2 dagger of distortion (18)]
  2161 | D:3      | Killed Ijyb
  2162 | D:3      | Reached XP level 6. HP: 16/50 MP: 7/7
  2602 | D:4      | Noticed an ogre
  2613 | D:4      | Killed an ogre
  2614 | D:4      | Reached skill level 5 in Fighting
  2614 | D:4      | Reached skill level 4 in Shields
  2778 | D:4      | Reached XP level 7. HP: 56/56 MP: 8/8
  2877 | D:4      | Reached skill level 5 in Axes
  2991 | D:4      | Reached skill level 5 in Shields
  3130 | D:4      | Found a hazy altar of Hepliaklqana.
  3212 | D:5      | Entered Level 5 of the Dungeon
  3224 | D:5      | Reached skill level 6 in Fighting
  3292 | D:5      | Reached XP level 8. HP: 64/64 MP: 9/9
  3368 | D:5      | Reached skill level 6 in Shields
  3421 | D:5      | Reached skill level 6 in Axes
  3431 | D:5      | Reached skill level 7 in Fighting
  3581 | D:5      | You pick up a book of the Hunter and begin reading...
  3581 | D:5      | You add the spells Sigil of Binding, Call Canine Familiar
                  | and Dimensional Bullseye to your library.
  3666 | D:5      | Found a staircase to the Ecumenical Temple.
  3682 | D:5      | Reached skill level 7 in Axes
  3699 | D:5      | Reached skill level 8 in Fighting
  3699 | D:5      | Reached XP level 9. HP: 67/74 MP: 10/10
  3859 | D:5      | You pick up a book of Vapours and begin reading...
  3859 | D:5      | You add the spells Mercury Vapours, Mephitic Cloud and
                  | Freezing Cloud to your library.
  4257 | D:6      | Reached skill level 8 in Axes
  4396 | D:6      | Reached skill level 9 in Fighting
  4710 | D:6      | Noticed Jeremiah
  4731 | D:6      | Killed Jeremiah
  5064 | D:7      | Noticed a hornet
  5076 | D:7      | Killed a hornet
  5077 | D:7      | Reached skill level 9 in Axes
  5077 | D:7      | Reached XP level 10. HP: 66/85 MP: 11/11
  5130 | D:7      | Reached skill level 10 in Fighting
  5144 | D:7      | Reached skill level 7 in Shields
  5271 | D:7      | Found a glowing golden altar of the Shining One.
  5389 | D:7      | HP: 18/86 [orc priest/divine providence (10)]
  5399 | D:7      | HP: 18/86 [orc warrior/+0 short sword (10)]
  5467 | D:7      | Reached skill level 8 in Shields
  5909 | D:7      | Found a shimmering blue altar of Sif Muna.
  6057 | D:7      | Reached skill level 11 in Fighting
  6057 | D:7      | Reached skill level 10 in Axes
  6108 | D:7      | Noticed a kobold demonologist
  6177 | D:7      | Reached skill level 9 in Shields
  6370 | D:7      | Reached XP level 11. HP: 67/93 MP: 12/12
  6572 | D:7      | magus.rc [v1.10.3]
  6852 | D:8      | Reached skill level 12 in Fighting
  6856 | D:8      | Found a bloodstained altar of Trog.
  7025 | D:8      | Reached skill level 11 in Axes
  7160 | D:8      | Found a white marble altar of Elyvilon.
  7160 | D:8      | Found a radiant altar of Vehumet.
  7204 | D:8      | You pick up a book of Weapons and begin reading...
  7204 | D:8      | You add the spells Tukima's Dance and Iskenderun's Mystic
                  | Blast to your library.
  7246 | D:8      | Found a shadowy altar of Dithmenos.
  7443 | D:9      | Noticed Joseph
  7460 | D:8      | Killed Joseph
  7597 | D:9      | You pick up a book of Iron and begin reading...
  7597 | D:9      | You add the spells Summon Lightning Spire, Animate Armour
                  | and Lee's Rapid Deconstruction to your library.
  7722 | D:9      | Reached skill level 1 in Throwing
  7886 | D:9      | Found a staircase to the Lair.
  8376 | D:10     | Entered Level 10 of the Dungeon
  8377 | D:10     | Noticed Lodul
  8385 | D:9      | Reached skill level 2 in Throwing
  8386 | D:9      | Reached skill level 1 in Armour
  8609 | D:10     | Reached skill level 2 in Armour
  8807 | D:9      | Killed Lodul
  8808 | D:9      | Reached skill level 13 in Fighting
  8808 | D:9      | Reached skill level 3 in Throwing
  8808 | D:9      | Reached XP level 12. HP: 30/105 MP: 13/13
  8894 | D:10     | Noticed Harold
  8919 | D:10     | Killed Harold
  8920 | D:10     | Reached skill level 3 in Armour
  8925 | D:10     | Reached skill level 12 in Axes
  9196 | D:11     | Noticed a boulder beetle
  9220 | D:10     | HP: 25/105 [boulder beetle (9)]
  9230 | D:10     | Killed a boulder beetle
  9231 | D:10     | Reached skill level 4 in Throwing
  9231 | D:10     | Reached skill level 4 in Armour
  9535 | D:11     | Identified the +0 robe of the Shore {Int+3 Stlth+}
 10274 | D:12     | Reached skill level 5 in Armour
 10288 | D:12     | Noticed Rupert
 10297 | D:12     | Identified the +5 scale mail of Submission {rElec Str+2}
 10312 | D:11     | Reached skill level 5 in Throwing
 10483 | D:12     | HP: 8/106 [Rupert/+1 heavy great sword (39)]
 10588 | D:12     | Noticed a skeletal warrior
 10592 | D:11     | HP: 16/106 [orc knight/+0 long sword (17)]
 10599 | D:11     | HP: 19/106 [orc knight/+0 long sword (5)]
 10658 | D:12     | Noticed a skeletal warrior
 10688 | D:11     | Killed a skeletal warrior
 10721 | D:11     | Identified the +7 plate armour of Tuateh {MP-9 Str-2 Dex+7}
 10765 | Lair:1   | Entered Level 1 of the Lair of Beasts
 10983 | Lair:1   | Reached skill level 6 in Armour
 10983 | Lair:1   | Reached XP level 13. HP: 89/112 MP: 14/14
 11005 | Lair:1   | Reached skill level 14 in Fighting
 11022 | Lair:1   | Reached skill level 6 in Throwing
 11290 | Lair:1   | Reached skill level 13 in Axes
 11638 | Lair:1   | You pick up a book of Spatial Translocations and begin
                  | reading...
 11638 | Lair:1   | You add the spells Momentum Strike and Lesser Beckoning to
                  | your library.
 11801 | Lair:2   | Identified the +2 chain mail of Valour {SInv}
 11817 | Lair:2   | Reached skill level 10 in Shields
 11915 | Lair:2   | Found a hole to the Spider Nest.
 12073 | Lair:2   | Found a stormy altar of Qazlal.
 12651 | Lair:2   | HP: 23/114 [culicivora (6)]
 12654 | Lair:2   | HP: 10/114 [jumping spider (8)]
 12858 | Lair:2   | Reached skill level 15 in Fighting
 12922 | Lair:2   | Identified the +4 ring mail of the Tarantula {rElec Str+2}
 12944 | Lair:2   | magus.rc [v1.10.3]
 13194 | Lair:3   | Reached skill level 14 in Axes
 13334 | Lair:3   | You add the spells Inner Flame, Summon Horrible Things and
                  | Dragon's Call to your library.
 13334 | Lair:3   | Got the Directory of Allies and the Dragon
 13435 | Lair:3   | Noticed a four-headed hydra
 13449 | Lair:3   | Killed a one-headed hydra
 13709 | Lair:3   | Reached XP level 14. HP: 109/124 MP: 15/15
 13826 | Lair:3   | Found an iron altar of Okawaru.
 13903 | Lair:3   | Reached skill level 16 in Fighting
 14260 | Lair:3   | Found a staircase to the Swamp.
 14331 | Lair:3   | Reached skill level 15 in Axes
 14726 | Lair:4   | You pick up a book of Spatial Translocations and begin
                  | reading...
 15188 | Lair:4   | Found a staircase to the Slime Pits.
 15291 | Lair:5   | Entered Level 5 of the Lair of Beasts
 15324 | Lair:5   | Noticed Urug
 15347 | Lair:4   | HP: 30/126 [skyshark (7)]
 15349 | Lair:4   | HP: 9/126 [skyshark (9)]
 15349 | Lair:4   | Slain by a skyshark

Vanquished Creatures
  Harold (D:10)
  5 hydras
  3 boulder beetles
  A skeletal warrior (D:11)
  Lodul (D:9)
  An orc knight (D:11)
  2 oklob plants
  A cyclops (D:12)
  Joseph (D:8)
  10 elephants (Lair:3)
  A black mamba (Lair:4)
  A gargoyle (D:12)
  8 cane toads
  9 komodo dragons
  2 unseen horrors
  A kobold demonologist (D:7)
  Jeremiah (D:6)
  2 rime drakes (Lair:3)
  A polar bear (Lair:2)
  A troll (D:10)
  11 blink frogs (Lair:3)
  3 hornets
  A shadow (D:11)
  2 jumping spiders (Lair:2)
  3 slime creatures
  5 wyverns
  A culicivora (Lair:2)
  3 wraiths (D:12)
  A vampire (D:12)
  24 yaks
  A redback (Lair:2)
  3 basilisks
  2 vampire mosquitoes
  2 steam dragons
  2 acid dragons (D:11)
  2 swamp worms (Lair:3)
  15 water moccasins
  11 orc warriors
  2 sky beasts
  19 wolves
  2 black bears
  14 ogres
  7 centaurs
  3 phantoms
  6 kobold brigands
  13 bullfrogs
  5 gnoll sergeants
  4 scorpions
  7 wights
  15 killer bees
  13 howler monkeys
  3 bombardier beetles (D:5)
  20 orc priests
  10 jellies
  17 hounds
  2 gnoll boudas
  2 iguanas
  5 sleepcaps
  Jessica (D:2)
  25 orc wizards
  Ijyb (D:3)
  6 adders
  13 gnolls
  2 shadow imps
  4 white imps
  4 ufetubi (D:6)
  2 ribbon worms
  5 dart slugs
  63 orcs
  5 ball pythons
  12 endoplasms
  12 goblins
  4 hobgoblins
  4 jackals
  18 kobolds
  A quokka (D:1)
  5 bats
  3 frilled lizards
  8 rats
512 creatures vanquished.

Vanquished Creatures (others)
  A shadow (D:12)
  14 foxfires (D:3)
15 creatures vanquished.

Grand Total: 527 creatures vanquished

Table legend:
 A = Non-vault XP
 B = Vault XP
 C = Vault XP percentage of total XP
 D = Non-vault monster count
 E = Vault monster count
 F = Vault count percentage of total count
                 A         B        C        D         E       F
            +---------+---------+-------+---------+---------+-------
      Total |   45199 |   13553 |  23.1 |     384 |     128 |  25.0
            +---------+---------+-------+---------+---------+-------
        D:1 |      31 |       0 |   0.0 |      14 |       0 |   0.0
        D:2 |      43 |      45 |  51.1 |      20 |       6 |  23.1
        D:3 |     123 |      36 |  22.6 |      12 |       1 |   7.7
        D:4 |     509 |       0 |   0.0 |      18 |       0 |   0.0
        D:5 |    1037 |     374 |  26.5 |      22 |      12 |  35.3
        D:6 |     890 |     525 |  37.1 |      21 |      11 |  34.4
        D:7 |    1652 |    3080 |  65.1 |      28 |      48 |  63.2
        D:8 |    1757 |     884 |  33.5 |      32 |       5 |  13.5
        D:9 |    1784 |     993 |  35.8 |      38 |       3 |   7.3
       D:10 |    3642 |    1447 |  28.4 |      36 |       6 |  14.3
       D:11 |    3831 |       0 |   0.0 |      31 |       0 |   0.0
       D:12 |    2279 |     139 |   5.7 |      11 |       6 |  35.3
     Lair:1 |    5837 |     316 |   5.1 |      25 |       1 |   3.8
     Lair:2 |    4014 |    2167 |  35.1 |      17 |      19 |  52.8
     Lair:3 |   13329 |    3055 |  18.6 |      41 |       7 |  14.6
     Lair:4 |    4441 |     492 |  10.0 |      18 |       3 |  14.3
            +---------+---------+-------+---------+---------+-------

Skill      XL: |  1  2  3  4  5  6  7  8  9 10 11 12 13 14 |
---------------+-------------------------------------------+-----
Shields        | 1 2 3 4 5 6 9 10 | 10.0
Fighting       | 4 5 6 8 9 11 13 15 16 | 16.7
Axes           | 4 5 7 9 10 11 12 14 15 | 15.4
Throwing       | 3 5 6 |  6.0
Armour         | 2 6 |  6.0
Spellcasting   | |  1.1
Fire Magic     | |  3.0

Action                     |  1- 3 |  4- 6 |  7- 9 | 10-12 | 13-15 || total
---------------------------+-------+-------+-------+-------+-------++-------
  Melee: Hand axe          |    70 |   120 |    24 |       |       ||   214
         War axe           |       |       |   284 |   989 |   375 ||  1648
         Battleaxe         |       |       |       |       |   200 ||   200
  Throw: Dart              |       |       |       |    19 |    27 ||    46
 Invoke: Fiery Armour      |     1 |       |       |     2 |     1 ||     4
         Foxfire Swarm     |       |     2 |       |       |       ||     2
         Rising Flame      |       |       |       |     1 |       ||     1
Ability: Dig               |       |       |       |     1 |       ||     1
  Evoke: Wand              |       |     1 |     6 |     3 |     6 ||    16
    Use: Scroll            |       |     7 |     6 |     5 |     5 ||    23
         Potion            |       |       |       |     6 |     3 ||     9
 Armour: Robe              |    40 |    10 |       |       |       ||    50
         Chain mail        |       |    86 |   286 |   679 |   480 ||  1531
  Dodge: Dodged            |    38 |    26 |    96 |   303 |   207 ||   670
  Block: Kite shield       |    13 |    45 |   181 |   608 |   355 ||  1202

Illustrated notes

Table legend:
 A = Kills in this place as a percentage of kills in the entire game.
 B = Kills by you in this place as a percentage of kills by you in the entire game.
 C = Kills by friends in this place as a percentage of kills by friends in the entire game.
 D = Other kills in this place as a percentage of other kills in the entire game.
 E = Experience gained in this place as a percentage of experience gained in the entire game.
 F = Experience gained in this place divided by the number of levels of this place that you have seen.
                   A       B       C       D       E      F
               +-------+-------+-------+-------+-------+----------------------
         Total | 100.0 | 100.0 |   N/A |   N/A | 100.0 | 3456.0
       Dungeon |  74.4 |  74.4 |   N/A |   N/A |  42.7 | 2091.8
          Lair |  25.6 |  25.6 |   N/A |   N/A |  57.3 | 6730.2
               +-------+-------+-------+-------+-------+----------------------

Table legend: (Time is in decaauts)
 A = Elapsed time spent in this place.
 B = Non-inter-level travel time spent in this place.
 C = Inter-level travel time spent in this place.
 D = Time resting spent in this place.
 E = Time spent auto-exploring this place.
 F = Levels seen in this place.
 G = Mean time per level.
                   A        B        C        D        E       F      G
               +--------+--------+--------+--------+--------+-----+--------+
         Total |  15494 |  14317 |   1177 |   1135 |   7262 |  17 |  911.4 |
       Dungeon |  10934 |  10327 |    607 |    610 |   5880 |  12 |  911.2 |
          Lair |   4560 |   3990 |    570 |    525 |   1382 |   5 |  912.0 |
               +--------+--------+--------+--------+--------+-----+--------+

Top non-repeatable levels by time:
     D:7: 1516 daAuts
  Lair:3: 1430 daAuts
    D:11: 1183 daAuts
  Lair:2: 1126 daAuts
  Lair:1: 1083 daAuts
     D:6: 1083 daAuts
     D:8: 1047 daAuts
     D:9: 962 daAuts
     D:3: 917 daAuts
  Lair:4: 870 daAuts
     D:5: 867 daAuts
     D:2: 852 daAuts
     D:1: 834 daAuts
    D:10: 802 daAuts
     D:4: 655 daAuts
